General information
- name: BNet
- type: Ladder team game (AT/RT)
- host: Battle.net
- saver: Teelo
map: FullScaleAssault
- players: 8
- length: 32:38
- speed: Fast
- version: 1.26 W3XP
- replay type: Public
» download(231 KB)
Players
team 1 (winner)
tkos51 (
orange | 50 APM | 1635 actions | 32:38)
9 Death Knight
3 Death Coil
3 Unholy Aura
1 Animate Dead
2 Death Pact
» actions
| Basic commands | 7 | |
| Build / train | 69 | |
| Enter build submenu | 20 | |
| Enter hero's abilities submenu | 9 | |
| Give item / drop item | 1 | |
| Remove unit from queue | 1 | |
| Right click | 1014 | |
| Select / deselect | 432 | |
| Use ability | 80 | |
1635 total
» units
| Acolyte | 3 | |
| Ghoul | 4 | |
| Crypt Fiend | 21 | |
| Frost Wyrm | 10 | |
38 total
» upgrades
| Creature Attack | 3 | |
| Creature Carapace | 3 | |
| Web | 1 | |
| Freezing Breath | 1 | |
8 total
» buildings
| Altar of Darkness | 1 | |
| Ziggurat | 10 | |
| Crypt | 2 | |
| Graveyard | 1 | |
| Nerubian Tower | 1 | |
| Halls of the Dead | 1 | |
| Spirit Tower | 5 | |
| Black Citadel | 2 | |
| Sacrificial Pit | 1 | |
| Boneyard | 2 | |
26 total
» build order
00:10 Altar of Darkness
00:14 Ziggurat
00:44 Crypt
01:06 Graveyard
01:18 Nerubian Tower
01:37 Crypt
02:15 Ziggurat
02:30 Ziggurat
05:35 Halls of the Dead
06:18 Ziggurat
07:18 Spirit Tower
07:19 Spirit Tower
07:20 Spirit Tower
07:56 Black Citadel
07:56 Black Citadel
08:04 Sacrificial Pit
08:51 Ziggurat
08:56 Ziggurat
09:00 Ziggurat
09:08 Ziggurat
10:27 Boneyard
11:04 Boneyard
25:17 Ziggurat
25:19 Ziggurat
25:21 Spirit Tower
25:22 Spirit Tower
Malastare (
teal | 40 APM | 1291 actions | 32:38)
6 Keeper of the Grove
2 Entangling Roots
3 Thorns Aura
1 Tranquility
6 Demon Hunter
3 Evasion
2 Mana Burn
1 Metamorphosis
5 Priestess of the Moon
3 Trueshot Aura
1 Scout
1 Searing Arrows
» actions
| Basic commands | 23 | |
| Build / train | 124 | |
| ESC pressed | 2 | |
| Enter build submenu | 29 | |
| Enter hero's abilities submenu | 17 | |
| Give item / drop item | 2 | |
| Right click | 643 | |
| Select / deselect | 368 | |
| Use ability | 83 | |
1291 total
» units
| Wisp | 31 | |
| Chimaera | 17 | |
| Goblin Shredder | 1 | |
| Hippogryph | 16 | |
| Druid of the Talon | 9 | |
| Dryad | 1 | |
75 total
» upgrades
| Ultravision | 1 | |
| Strength of the Wild | 3 | |
| Reinforced Hides | 3 | |
| Corrosive Breath | 1 | |
| Nature's Blessing | 1 | |
| Well Spring | 1 | |
| Druid of the Talon Training | 2 | |
| Moon Armor | 1 | |
| Strength of the Moon | 1 | |
| Backpack | 1 | |
| Mark of the Talon | 1 | |
| Hippogryph Taming | 1 | |
| Abolish Magic | 1 | |
| Druid of the Claw Training | 1 | |
| Resistant Skin | 1 | |
| Hardened Skin | 1 | |
21 total
» buildings
| Altar of Elders | 1 | |
| Moon Well | 10 | |
| Hunter's Hall | 1 | |
| Tree of Ages | 1 | |
| Ancient of Wonders | 2 | |
| Ancient of Wind | 1 | |
| Tree of Eternity | 1 | |
| Ancient Protector | 1 | |
| Tree of Life | 3 | |
| Chimaera Roost | 5 | |
| Ancient of Lore | 2 | |
28 total
» build order
00:08 Altar of Elders
00:15 Moon Well
01:24 Hunter's Hall
02:13 Moon Well
02:28 Tree of Ages
02:59 Ancient of Wonders
03:41 Moon Well
04:57 Ancient of Wind
05:08 Moon Well
05:16 Moon Well
05:29 Tree of Eternity
06:14 Ancient Protector
07:56 Tree of Life
07:59 Chimaera Roost
08:01 Chimaera Roost
08:06 Chimaera Roost
08:42 Chimaera Roost
08:52 Chimaera Roost
10:51 Moon Well
13:07 Moon Well
16:11 Moon Well
17:29 Moon Well
17:37 Moon Well
22:30 Tree of Life
24:55 Tree of Life
25:13 Ancient of Lore
25:18 Ancient of Lore
30:25 Ancient of Wonders
» items
| Orb of Venom | 1 | |
| Scroll of Town Portal | 3 | |
| Moonstone | 1 | |
5 total

»
WhaT_uP_DoE (
green | 38 APM | 1253 actions | 32:38)
5 Blademaster
2 Wind Walk
3 Critical Strike
4 Tauren Chieftain
2 Endurance Aura
2 War Stomp
» actions
| Build / train | 56 | |
| Enter build submenu | 20 | |
| Enter hero's abilities submenu | 9 | |
| Give item / drop item | 1 | |
| Right click | 645 | |
| Select / deselect | 459 | |
| Use ability | 63 | |
1253 total
» units
| Peon | 8 | |
| Wind Rider | 14 | |
| Troll Batrider | 5 | |
27 total
» upgrades
| Pillage | 1 | |
| Ranged Weapons | 2 | |
| Armor | 2 | |
| Spiked Barricades | 1 | |
| Liquid Fire | 1 | |
| Envenomed Spears | 1 | |
8 total
» buildings
| Altar of Storms | 1 | |
| Orc Burrow | 8 | |
| Voodoo Lounge | 1 | |
| War Mill | 3 | |
| Stronghold | 1 | |
| Beastiary | 3 | |
| Fortress | 1 | |
| Watch Tower | 2 | |
| Great Hall | 1 | |
21 total
» build order
00:04 Altar of Storms
00:07 Orc Burrow
00:25 Voodoo Lounge
01:55 Orc Burrow
02:26 War Mill
02:30 War Mill
02:39 War Mill
02:49 Orc Burrow
04:06 Stronghold
06:49 Beastiary
06:55 Beastiary
06:59 Beastiary
07:05 Orc Burrow
07:07 Orc Burrow
08:18 Fortress
09:12 Orc Burrow
10:21 Watch Tower
10:22 Watch Tower
24:54 Orc Burrow
26:28 Orc Burrow
27:25 Great Hall
» items
| Healing Salve | 2 | |
| Lesser Clarity Potion | 4 | |
| Scroll of Town Portal | 2 | |
8 total
esskill (
yellow | 90 APM | 2950 actions | 32:38)
5 Archmage
3 Blizzard
2 Brilliance Aura
6 Paladin
3 Holy Light
1 Devotion Aura
2 Divine Shield
5 Mountain King
2 Storm Bolt
3 Thunder Clap
» actions
| Assign group hotkey | 22 | |
| Basic commands | 89 | |
| Build / train | 97 | |
| ESC pressed | 1 | |
| Enter build submenu | 27 | |
| Enter hero's abilities submenu | 14 | |
| Give item / drop item | 11 | |
| Right click | 1051 | |
| Select / deselect | 174 | |
| Select group hotkey | 1298 | |
| Use ability | 166 | |
2950 total
» units
| Peasant | 14 | |
| Rifleman | 9 | |
| Priest | 5 | |
| Sorceress | 4 | |
| Goblin Shredder | 1 | |
| Goblin Zeppelin | 1 | |
34 total
» upgrades
| Gunpowder | 3 | |
| Long Rifles | 1 | |
| Armor | 3 | |
| Masonry | 3 | |
| Magic Sentry | 1 | |
| Priest Training | 2 | |
| Sorceress Training | 2 | |
| Animal War Training | 1 | |
| Control Magic | 1 | |
| Lumber Harvesting | 1 | |
| Swords | 1 | |
| Plating | 1 | |
| Defend | 1 | |
21 total
» buildings
| Altar of Kings | 1 | |
| Farm | 13 | |
| Blacksmith | 1 | |
| Barracks | 2 | |
| Lumber Mill | 1 | |
| Keep | 1 | |
| Arcane Vault | 1 | |
| Town Hall | 2 | |
| Scout Tower | 6 | |
| Castle | 1 | |
| Arcane Sanctum | 2 | |
| Arcane Tower | 1 | |
| Guard Tower | 4 | |
36 total
» build order
00:07 Altar of Kings
00:11 Farm
00:44 Farm
01:14 Blacksmith
01:46 Barracks
02:11 Farm
02:42 Lumber Mill
03:10 Keep
03:26 Farm
04:05 Farm
04:10 Barracks
04:18 Arcane Vault
05:27 Farm
06:45 Town Hall
07:04 Scout Tower
08:03 Castle
08:05 Arcane Sanctum
08:12 Arcane Tower
08:13 Scout Tower
08:54 Guard Tower
08:58 Scout Tower
08:59 Scout Tower
09:01 Scout Tower
09:02 Scout Tower
09:35 Arcane Sanctum
10:57 Farm
10:58 Farm
10:59 Farm
11:00 Farm
13:40 Guard Tower
13:58 Guard Tower
15:04 Farm
16:18 Farm
16:18 Farm
22:13 Town Hall
» items
| Healing Salve | 1 | |
| Scroll of Regeneration | 2 | |
| Boots of Speed | 2 | |
| Periapt of Vitality | 1 | |
| Tome of Retraining | 1 | |
| Orb of Lightning | 2 | |
| Staff of Sanctuary | 1 | |
| Scroll of Town Portal | 1 | |
11 total
team 2 (loser)

»
Bruins11 (
purple | 75 APM | 2248 actions | 30:06)
6 Death Knight
2 Death Coil
3 Unholy Aura
1 Animate Dead
» actions
| Basic commands | 656 | |
| Build / train | 78 | |
| ESC pressed | 8 | |
| Enter build submenu | 33 | |
| Enter hero's abilities submenu | 6 | |
| Right click | 878 | |
| Select / deselect | 428 | |
| Use ability | 161 | |
2248 total
» units
| Acolyte | 16 | |
| Ghoul | 9 | |
| Crypt Fiend | 15 | |
| Goblin Zeppelin | 1 | |
| Frost Wyrm | 6 | |
| Gargoyle | 2 | |
49 total
» upgrades
| Web | 1 | |
| Creature Attack | 2 | |
| Creature Carapace | 2 | |
5 total
» buildings
| Crypt | 2 | |
| Ziggurat | 14 | |
| Graveyard | 1 | |
| Altar of Darkness | 1 | |
| Tomb of Relics | 2 | |
| Nerubian Tower | 4 | |
| Halls of the Dead | 2 | |
| Necropolis | 3 | |
| Spirit Tower | 3 | |
| Black Citadel | 1 | |
| Sacrificial Pit | 1 | |
| Boneyard | 3 | |
37 total
» build order
00:13 Crypt
00:18 Ziggurat
00:54 Graveyard
01:03 Altar of Darkness
01:42 Ziggurat
02:00 Tomb of Relics
03:26 Nerubian Tower
03:26 Nerubian Tower
03:26 Nerubian Tower
05:50 Ziggurat
05:52 Halls of the Dead
05:52 Halls of the Dead
06:14 Ziggurat
07:02 Necropolis
07:15 Ziggurat
07:16 Ziggurat
07:19 Ziggurat
07:21 Ziggurat
08:46 Spirit Tower
08:49 Black Citadel
08:54 Sacrificial Pit
09:39 Spirit Tower
09:57 Ziggurat
09:59 Ziggurat
11:14 Boneyard
11:18 Boneyard
11:38 Necropolis
12:22 Necropolis
12:29 Boneyard
14:56 Ziggurat
14:59 Tomb of Relics
15:03 Ziggurat
16:04 Crypt
19:51 Spirit Tower
23:35 Ziggurat
23:36 Ziggurat
» items
| Rod of Necromancy | 2 | |
| Dust of Appearance | 1 | |
| Scroll of Town Portal | 3 | |
| Potion of Healing | 1 | |
7 total

»
Teelo (
pink | 46 APM | 1510 actions | 32:38)
5 Pandaren Brewmaster
2 Breath of Fire
3 Drunken Haze
» actions
| Assign group hotkey | 240 | |
| Basic commands | 220 | |
| Build / train | 86 | |
| ESC pressed | 1 | |
| Enter build submenu | 22 | |
| Enter hero's abilities submenu | 5 | |
| Give item / drop item | 1 | |
| Remove unit from queue | 1 | |
| Right click | 317 | |
| Select / deselect | 195 | |
| Select group hotkey | 316 | |
| Use ability | 106 | |
1510 total
» units
| Wisp | 25 | |
| Archer | 1 | |
| Huntress | 2 | |
| Dryad | 9 | |
| Hippogryph | 20 | |
57 total
» upgrades
| Strength of the Wild | 3 | |
| Reinforced Hides | 2 | |
| Ultravision | 1 | |
| Sentinel | 1 | |
| Abolish Magic | 1 | |
| Well Spring | 1 | |
9 total
» buildings
| Moon Well | 5 | |
| Altar of Elders | 1 | |
| Ancient of War | 2 | |
| Ancient of Wonders | 1 | |
| Hunter's Hall | 1 | |
| Tree of Ages | 1 | |
| Ancient of Lore | 2 | |
| Ancient of Wind | 2 | |
| Ancient Protector | 3 | |
| Tree of Life | 2 | |
| Tree of Eternity | 1 | |
21 total
» build order
00:23 Moon Well
00:36 Altar of Elders
01:24 Ancient of War
01:49 Moon Well
01:59 Ancient of Wonders
02:08 Moon Well
02:49 Hunter's Hall
03:19 Ancient of War
04:11 Tree of Ages
04:15 Moon Well
05:04 Moon Well
06:53 Ancient of Lore
06:56 Ancient of Lore
06:58 Ancient of Wind
07:00 Ancient of Wind
09:53 Ancient Protector
09:55 Ancient Protector
09:59 Ancient Protector
12:34 Tree of Life
20:22 Tree of Eternity
25:22 Tree of Life
» items
| Staff of Preservation | 1 | |
| Moonstone | 1 | |
| Dust of Appearance | 1 | |
| Lesser Clarity Potion | 1 | |
| Scroll of Town Portal | 4 | |
| Potion of Healing | 2 | |
| Orb of Venom | 1 | |
11 total

»
Briz (
red | 51 APM | 1466 actions | 28:56)
4 Demon Hunter
2 Immolation
2 Evasion
» actions
| Basic commands | 2 | |
| Build / train | 67 | |
| Enter build submenu | 25 | |
| Enter hero's abilities submenu | 4 | |
| Give item / drop item | 6 | |
| Remove unit from queue | 10 | |
| Right click | 880 | |
| Select / deselect | 391 | |
| Use ability | 80 | |
1466 total
» units
| Wisp | 26 | |
| Huntress | 7 | |
| Druid of the Claw | 6 | |
| Dryad | -7 | |
| Hippogryph | 6 | |
38 total
» upgrades
| Strength of the Moon | 1 | |
| Druid of the Claw Training | 2 | |
| Strength of the Wild | 2 | |
| Mark of the Claw | 1 | |
| Reinforced Hides | 1 | |
| Ultravision | 1 | |
| Abolish Magic | 1 | |
9 total
» buildings
| Altar of Elders | 1 | |
| Moon Well | 7 | |
| Ancient of War | 1 | |
| Hunter's Hall | 2 | |
| Tree of Ages | 1 | |
| Tree of Life | 3 | |
| Ancient of Lore | 2 | |
| Tree of Eternity | 1 | |
| Ancient of Wonders | 1 | |
| Ancient of Wind | 2 | |
| Ancient Protector | 3 | |
24 total
» build order
00:11 Altar of Elders
00:12 Moon Well
01:31 Ancient of War
02:10 Hunter's Hall
02:21 Moon Well
04:56 Tree of Ages
05:54 Tree of Life
06:09 Moon Well
06:55 Moon Well
07:46 Ancient of Lore
07:49 Ancient of Lore
07:55 Moon Well
08:55 Tree of Eternity
09:37 Ancient of Wonders
15:35 Ancient of Wind
15:37 Ancient of Wind
16:14 Moon Well
17:01 Moon Well
18:25 Tree of Life
22:48 Tree of Life
25:25 Hunter's Hall
26:42 Ancient Protector
26:46 Ancient Protector
27:15 Ancient Protector
» items
| Periapt of Vitality | 1 | |
| Orb of Venom | 1 | |
2 total
Bose901 (
blue | 41 APM | 1325 actions | 32:24)
5 Archmage
3 Summon Water Elemental
1 Blizzard
1 Brilliance Aura
» actions
| Assign group hotkey | 54 | |
| Basic commands | 16 | |
| Build / train | 108 | |
| ESC pressed | 4 | |
| Enter build submenu | 29 | |
| Enter hero's abilities submenu | 5 | |
| Right click | 402 | |
| Select / deselect | 358 | |
| Select group hotkey | 267 | |
| Use ability | 82 | |
1325 total
» units
| Peasant | 10 | |
| Footman | 10 | |
| Goblin Shredder | 2 | |
| Rifleman | 18 | |
| Priest | 12 | |
| Sorceress | 5 | |
| Siege Engine | 8 | |
65 total
» upgrades
| Masonry | 3 | |
| Gunpowder | 3 | |
| Armor | 3 | |
| Magic Sentry | 1 | |
| Priest Training | 2 | |
| Long Rifles | 1 | |
| Sorceress Training | 1 | |
| Plating | 3 | |
| Barrage | 1 | |
18 total
» buildings
| Barracks | 2 | |
| Altar of Kings | 1 | |
| Farm | 14 | |
| Lumber Mill | 1 | |
| Town Hall | 2 | |
| Scout Tower | 24 | |
| Blacksmith | 3 | |
| Guard Tower | 10 | |
| Keep | 1 | |
| Castle | 1 | |
| Arcane Sanctum | 1 | |
| Arcane Vault | 1 | |
| Workshop | 1 | |
62 total
» build order
00:27 Barracks
00:32 Altar of Kings
00:41 Farm
00:59 Farm
01:49 Lumber Mill
01:59 Farm
02:27 Farm
03:52 Town Hall
06:29 Scout Tower
06:30 Scout Tower
06:32 Scout Tower
06:33 Scout Tower
06:44 Blacksmith
06:59 Guard Tower
07:05 Keep
07:15 Scout Tower
07:16 Scout Tower
07:17 Scout Tower
07:18 Scout Tower
07:19 Scout Tower
07:20 Scout Tower
07:21 Scout Tower
07:21 Scout Tower
08:08 Blacksmith
08:37 Guard Tower
08:50 Scout Tower
08:51 Scout Tower
08:53 Scout Tower
08:54 Scout Tower
08:55 Scout Tower
08:56 Scout Tower
08:57 Scout Tower
08:58 Scout Tower
09:13 Farm
09:14 Farm
09:49 Castle
10:00 Scout Tower
10:01 Scout Tower
10:04 Scout Tower
10:06 Scout Tower
10:16 Guard Tower
10:43 Guard Tower
11:15 Arcane Sanctum
11:19 Guard Tower
11:43 Guard Tower
11:47 Guard Tower
12:35 Guard Tower
12:41 Guard Tower
12:45 Farm
12:46 Farm
13:05 Guard Tower
13:11 Arcane Vault
13:52 Barracks
15:56 Farm
15:58 Farm
17:36 Workshop
19:48 Farm
19:49 Farm
20:47 Farm
20:49 Farm
27:38 Blacksmith
29:37 Town Hall
» items
| Dust of Appearance | 2 | |
| Potion of Healing | 1 | |
| Potion of Lesser Invulnerability | 1 | |
| Scroll of Town Portal | 3 | |
7 total
Chat log
(00:56 / Allies) Bruins11: fiends frosty
(01:02 / Allies) Teelo: dryads hippos
(01:04 / All) esskill: im addicted..in sex..
(01:16 / All) Teelo: youre addicted to insects?
(01:17 / Allies) Briz: hunts bear
(01:26 / All) esskill: yeah..
(01:28 / All) tkos51: Wat class shud i play in wow guys
(01:29 / All) Teelo: Freak
(01:35 / All) esskill: i wanna fuck insect
(01:37 / All) Teelo: huntard
(01:42 / All) Briz: suck a duck!
(01:51 / All) WhaT_uP_DoE: bust a nut
(01:58 / All) Briz: in your mouth
(02:00 / All) esskill: i wanna suck dog
(03:30 / All) WhaT_uP_DoE: :p
(04:00 / Allies) Teelo: 3 peasants
(04:01 / Allies) Teelo: not one
(08:05 / Allies) Teelo: blue you idiot
(08:09 / Allies) Teelo: get dust from my shop
(08:10 / Allies) Teelo: reveal that BM
(08:26 / Allies) Bose901: look dick head
(09:44 / Allies) Bruins11: watch for bats plz
(12:04 / Allies) Teelo: yeah thats right
(12:10 / Allies) Teelo: creep while our expos are being attacked
(12:10 / Allies) Teelo: nice
(16:13 / Allies) Teelo: against hippos and chims youre getting bears?
(16:16 / Allies) Teelo: and against wyverns
(16:22 / Allies) Bruins11: wtf do u have
(16:24 / Allies) Briz: i stop...
(17:01 / All) tkos51: Care
(17:47 / Allies) Bruins11: red
(17:48 / Allies) Bruins11: go
(19:16 / All) Briz: fucking stick as a team
(19:23 / Allies) Bruins11: dude your the one in your base
(19:25 / Allies) Bruins11: fuck u
(19:27 / All) Teelo: youre the one who didnt TP with us
(19:28 / All) Briz: dont fucking feed i lost my army bc you guys cant stick togethre
(19:36 / All) Bruins11: it was u
(19:38 / All) Bruins11: u fucking tool
(19:39 / All) Bruins11: stfu
(19:43 / All) Briz: didnt tp
(19:47 / All) Briz: who the fuck are you
(23:10 / All) Briz: gg my team sucks
(23:15 / All) Malastare: your on it too
(23:16 / All) esskill: u first
(24:25 / Allies) Bruins11: red your a turd
(24:35 / All) Malastare: almost purple.
(24:39 / All) Malastare: oh no you didnt
(24:43 / All) Bruins11: oh fuck u
(24:51 / All) Malastare: play better
(24:51 / All) Bruins11: we lost when red was jerking off in his base
(24:54 / All) Bruins11: long time ago
(24:56 / All) Bruins11: fuck u
(25:17 / All) Briz: thats why the bruins aint in the playoffs bitch
(25:21 / All) Bruins11: lol
(25:24 / All) Bruins11: good one
(25:53 / All) Bruins11: red just a retarded douche bag
(27:51 / All) WhaT_uP_DoE: i bet yellow is dumber than you red
(27:59 / All) Briz: lol
(28:10 / All) Bruins11: yellow might know that bruins in the playoff
(28:12 / All) Bruins11: lol
(28:22 / All) Briz: good one...
(28:49 / All) Briz: fucking cock sucker
(29:46 / All) Malastare: gg
(30:28 / All) Bose901: pussy 8th level
(31:55 / All) Malastare: gg
(32:20 / All) Bose901: could have won if pink didn't suck so bad
(32:37 / All) tkos51: he was actually the only thing holding me back